 Dungeon Crawl Stone Soup version 0.27.1-4-g1640c2035a (webtiles) character file.

Game seed: 11444580234235757169

102 Findor the Firebug (level 5, -9/35 HPs)
             Began as a Human Fire Elementalist on Nov 5, 2021.
             Mangled by Crazy Yiuf (18 damage)
             ... on level 2 of the Dungeon.
             The game lasted 00:04:00 (3024 turns).

Findor the Firebug (Human Fire Elementalist)        Turns: 3024, Time: 00:04:01

Health: -9/35      AC:  2    Str:  8    XL:     5   Next: 6%
Magic:  6/8        EV: 12    Int: 17    God:
Gold:   126        SH:  0    Dex: 13    Spells: 4/9 levels left

rFire    . . .     SeeInvis .   c - +0 short sword
rCold    . . .     Faith    .   (no shield)
rNeg     . . .     Spirit   .   a - +0 robe
rPois    .         Reflect  .   (no helmet)
rElec    .         Harm     .   (no cloak)
rCorr    .         Rampage  .   (no gloves)
Will     .....                  (no boots)
Stlth    ++........             (no amulet)
HPRegen  0.11/turn              (no ring)
MPRegen  0.11/turn              (no ring)

@: no status effects
A: no striking features
a: no special abilities


You were on level 2 of the Dungeon.
You visited 1 branch of the dungeon, and saw 2 of its levels.

You collected 126 gold pieces.


   Skills:
 - Level 2.0 Dodging
 - Level 2.0 Stealth
 + Level 2.6 Spellcasting
 * Level 2.8 Conjurations
 * Level 4.1 Fire Magic


You had 4 spell levels left.
You knew the following spells:

 Your Spells              Type           Power      Damage    Failure   Level
a - Foxfire               Conj/Fire      56%        2x1d6     4%          1
q - Sticky Flame          Conj/Fire      14%        2d4       41%         4

Your spell library contained the following spells:

 Spells                   Type           Power      Damage    Failure   Level
 Conjure Flame            Conj/Fire      14%        6-21      13%         3
 Inner Flame              Hex/Fire       9%         N/A       24%         3
 Fireball                 Conj/Fire      7%         3d5       77%         5

Inventory:

Hand Weapons
 c - a +0 short sword (weapon)
   (You took it off a kobold on level 1 of the Dungeon)
Armour
 a - a +0 robe (worn)
Jewellery
 b - an amulet of faith {!P}
   (You found it on level 1 of the Dungeon)
Scrolls
 h - a scroll of enchant armour {unknown}
 i - a scroll of fear {unknown}
 j - 3 scrolls of immolation {unknown}
 k - a scroll of blinking {unknown}
Potions
 d - a potion of heal wounds {@q2}
 e - a potion of curing {unknown}
 f - a potion of resistance {unknown}
 g - a potion of berserk rage {unknown}


Message History

An endoplasm is nearby!
Casting: Foxfire (safe; 4% risk of failure)
You conjure some foxfire!
The endoplasm quivers.
The foxfire hits the endoplasm.
The foxfire hits the endoplasm.
Casting: Foxfire (safe; 4% risk of failure)
You conjure some foxfire!
The foxfire hits the endoplasm. x2
You kill the endoplasm!
You see here 16 arrows.
You see here 16 arrows.
You see here a +0 mace.
You see here a +0 mace.
You see here a +0 mace.
Partly explored, can't reach some places.
Partly explored, can't reach some places.
Partly explored, can't reach some places.
You hit the fungus.
The fungus begins to die.
You hit the fungus. You hit the fungus. You hit the fungus but do no damage.
You hit the fungus.
A nearby fungus withers and dies.
Found a mace.
Crazy Yiuf shouts!
Crazy Yiuf says, "Crazy?
Crazy!?
PORCUPINE!"
You open the door.
Crazy Yiuf says, "Crazy?
Crazy!?
PORCUPINE!"
You see here a +0 mace.
You see here a +0 mace.
You see here a +0 mace.
Casting: Foxfire (safe; 4% risk of failure)
You conjure some foxfire!
Crazy Yiuf grits, "Ten broken toodlewoodle!"
Crazy Yiuf hits you with a +2 quarterstaff of chaos.
Crazy Yiuf burns you.
The foxfire hits Crazy Yiuf but does no damage.
The foxfire hits Crazy Yiuf.
Crazy Yiuf says, "Leather action wrapper!"
Crazy Yiuf hits you with a +2 quarterstaff of chaos!
* * * LOW HITPOINT WARNING * * *
Space bends around you.
* * * LOW HITPOINT WARNING * * *
Casting: Foxfire (safe; 4% risk of failure)
You conjure some foxfire!
Crazy Yiuf hits you with a +2 quarterstaff of chaos!
* * * LOW HITPOINT WARNING * * *
You are electrocuted!!
Ouch! That really hurt!
You die...

###..###..........
#......##.......
################ #
###♣♣♣♣♣ #
##))♣.♣.♣♣♣ ### #
##)))P..♣..♣#...#
#
#v.)).P♣♣♣♣.'...#
# #v@g).♣♣ ♣♣#..)#
# #.###♣♣ ### #
#.# # #.# #.######
####### #......#
#...... ###.#.##
#...... #.#.#
#..###. #.#.# #..#
#.


You could see Crazy Yiuf (ally target).

Vanquished Creatures
  2 adders (D:2)
  3 gnolls
  A worm (D:2)
  3 dart slugs
  3 endoplasms (D:2)
  2 giant cockroaches (D:1)
  3 goblins
  4 hobgoblins
  4 jackals (D:1)
  5 kobolds
  2 quokkas (D:1)
  5 bats
  3 frilled lizards (D:1)
  8 rats
48 creatures vanquished.

Vanquished Creatures (others)
  106 foxfires
  4 fungi
110 creatures vanquished.

Grand Total: 158 creatures vanquished

Notes
Turn   | Place    | Note
-------+----------+-------------------------------------------
     0 | D:1      | Findor the Human Fire Elementalist began the quest for the
                  | Orb.
     0 | D:1      | Reached XP level 1. HP: 13/13 MP: 3/3
   250 | D:1      | Reached XP level 2. HP: 16/19 MP: 5/5
   469 | D:1      | Reached XP level 3. HP: 20/24 MP: 3/6
   550 | D:1      | HP: 4/24 [gnoll (6)]
  1045 | D:1      | Found a faded altar of an unknown god.
  1482 | D:1      | Reached XP level 4. HP: 14/30 MP: 5/7
  2216 | D:2      | Reached skill level 4 in Fire Magic
  2252 | D:2      | Found a white marble altar of Elyvilon.
  2258 | D:2      | Learned a level 4 spell: Sticky Flame
  2655 | D:2      | HP: 6/30 [poisoned by an adder]
  2657 | D:2      | Reached XP level 5. HP: 4/35 MP: 4/8
  3006 | D:2      | Found a runed translucent door.
  3007 | D:2      | Noticed Crazy Yiuf
  3024 | D:2      | Mangled by Crazy Yiuf

Levels and vault maps discovered:
D:1:      dpeg_arrival_ternary, layout_rooms,
          shapermc_ecumenical_altar_mp_urbaneastern, minmay_door_square,
          moated_statue
D:2:      minmay_spotlight, layout_loops_ring, basic_altar,
          uniq_crazy_yiuf_cottage

Action                   |  1- 3 |  4- 6 || total
-------------------------+-------+-------++-------
Melee: Short sword       |    48 |    27 ||    75
 Cast: Foxfire           |    27 |    33 ||    60
  Use: Scroll            |     2 |       ||     2
       Potion            |       |     1 ||     1
 Stab: Sleeping          |     1 |     1 ||     2
Armor: Robe              |    26 |     5 ||    31
Dodge: Dodged            |    54 |    21 ||    75
